 Dungeon Crawl Stone Soup version 0.29-a0-925-g0a7a3d12f8 (webtiles) character file.

Game seed: 15886595651942731082

548 dracfodder the Digger (level 7, 0/37 HPs)
             Began as a Gargoyle Earth Elementalist on July 28, 2022.
             Slain by an orc warrior
             ... wielding a +0 war axe
              (14 damage)
             ... on level 6 of the Dungeon.
             The game lasted 00:25:05 (5075 turns).

dracfodder the Digger (Gargoyle Earth Elementalist) Turns: 5075, Time: 00:25:05

Health: 0/37       AC:  7    Str: 12    XL:     7   Next: 28%
Magic:  10/12      EV: 12    Int: 17    God:
Gold:   168        SH:  0    Dex: 10    Spells: 7/13 levels left

rFire   . . .      SeeInvis +   a - +4 sling of Inference {vorpal, rCorr}
rCold   . . .      Faith    .   (no shield)
rNeg    + + .      Spirit   .   n - +1 robe
rPois   ∞          Reflect  .   (no helmet)
rElec   +          Harm     .   (no cloak)
rCorr   +          Rampage  .   (no gloves)
Will    .....                   (no boots)
Stlth   ++........              (no amulet)
HPRegen 0.12/turn               s - ring of positive energy
MPRegen 0.13/turn               u - ring of see invisible

@: no status effects
A: sickness immunity, AC +4, negative energy resistance 1, electricity
resistance, torment resistance 1, petrification resistance
a: no special abilities


You were on level 6 of the Dungeon.
You visited 2 branches of the dungeon, and saw 7 of its levels.

You collected 324 gold pieces.
You spent 156 gold pieces at shops.

Inventory:

Hand Weapons
 a - the +4 sling of Inference (weapon) {vorpal, rCorr}
   (You bought it in a shop on level 2 of the Dungeon)

   Any ammunition fired from it inflicts extra damage upon your enemies.
   rCorr:     It protects you from acid and corrosion.
 b - the +7 hand axe "Fizodir" {freeze, rPois rN++ rCorr Stlth+}
   (You found it on level 5 of the Dungeon)

   It freezes those it strikes, dealing additional cold damage.
   It can also slow down cold-blooded creatures.
   rPois:     It protects you from poison.
   rN:        It greatly protects you from negative energy.
   rCorr:     It protects you from acid and corrosion.
   Stlth:     It makes you more stealthy.
Missiles
 f - 11 poisoned darts
Armour
 n - a +1 robe (worn)
Jewellery
 s - a ring of positive energy (left hand)
 u - a ring of see invisible (right hand)
Wands
 q - a wand of acid (24)
 t - a wand of iceblast (10)
 v - a wand of flame (22)
Scrolls
 d - 2 scrolls of teleportation
 h - a scroll of identify
 k - a scroll of enchant armour
 o - 3 scrolls of fear
Potions
 c - a potion of resistance
 e - a potion of magic
 g - 2 potions of flight
 j - 2 potions of haste {unknown}
 l - a potion of berserk rage {unknown}
 m - 2 potions of curing {unknown}
 p - a potion of brilliance {unknown}


   Skills:
 + Level 0.5 Fighting
 + Level 1.2 Ranged Weapons
 + Level 0.8 Throwing
 + Level 2.2 Dodging
 + Level 2.9 Stealth
 + Level 3.6 Spellcasting
 * Level 2.6 Conjurations
 + Level 0.7 Transmutations
 * Level 7.1 Earth Magic


You had 7 spell levels left.
You knew the following spells:

 Your Spells              Type           Power      Damage    Failure   Level
a - Sandblast             Erth           54%        2d13      1%          1
b - Passwall              Tmut/Erth      13%        N/A       4%          2
c - Stone Arrow           Conj/Erth      38%        3d9       7%          3

Your spell library contained the following spells:

 Spells                   Type           Power      Damage    Failure   Level
 Static Discharge         Conj/Air       7%         3-4/arc   14%         2
 Slow                     Hex            12%        N/A       17%         1
 Wereblood                Tmut           5%         N/A       19%         2
 Dazzling Flash           Conj/Hex       14%        N/A       28%         3
 Petrify                  Tmut/Erth      16%        N/A       32%         4
 Confusing Touch          Hex            3%         N/A       45%         3
 Vampiric Draining        Necr           3%         2d6       45%         3
 Sticky Flame             Conj/Fire      7%         2d3       67%         4
 Dispel Undead            Necr           3%         3d7       86%         4
 Irradiate                Conj/Tmut      4%         3d13      93%         5
 Agony                    Necr           3%         N/A       99%         5
 Silence                  Hex/Air        1%         N/A       99%         5
 Summon Hydra             Summ           1%         N/A       100%        7
 Sublimation of Blood     Necr           Unusable   N/A       N/A         2

Dungeon Overview and Level Annotations

Branches:
Dungeon (6/15)             Temple (1/1) D:4

Altars:
Cheibriados
Dithmenos
Gozag
Hepliaklqana
Kikubaaqudgha
Nemelex Xobeh
Qazlal
Ru
Trog
Uskayaw
Vehumet
Yredelemnul
Zin
The Shining One

Shops:
D:1 [   D:2 (*


Innate Abilities, Weirdness & Mutations

You are immune to sickness and miasma.
Your stone body is resilient. (AC +4)
You are immune to poison.
You resist negative energy. (rN+)
You are resistant to electric shocks. (rElec)
You are resistant to unholy torment.
You are immune to petrification.


Message History

You shoot a sling bullet.
The sling bullet closely misses the orc wizard.
The sling bullet barely misses the orc warrior.
You shoot a sling bullet. The sling bullet hits the orc wizard.
The orc wizard is severely wounded.
Fire: a) +4 sling of Inference {vorpal, rCorr}
Press: ? - help, Q - select action, (/) - cycle Shift-Dir - straight line, f/p - orc wizard
Aim: an orc wizard, wielding a +0 dagger and wearing a +0 robe (severely wounded, 50% to hit)
You shoot a sling bullet.
The sling bullet barely misses the orc wizard.
The sling bullet closely misses the orc warrior.
You hear a shout!
The orc wizard casts a spell at you. The puff of flame hits you!
Fire: a) +4 sling of Inference {vorpal, rCorr}
Press: ? - help, Q - select action, (/) - cycle Shift-Dir - straight line, f/p - orc wizard
Aim: an orc wizard, wielding a +0 dagger and wearing a +0 robe (severely wounded, 50% to hit)
You shoot a sling bullet. The sling bullet hits the orc wizard.
You kill the orc wizard!
An orc wizard comes into view. It is wielding a +0 dagger.
Your Earth Magic skill increases to level 7!
Casting: Sandblast (safe; 1% risk of failure)
Confirm with . or Enter, or press ? or * to list all spells.
Aiming: Sandblast (safe; 1% risk of failure)
Press: ? - help, Shift-Dir - straight line, f - orc warrior
Aim: an orc warrior, wielding a +0 war axe and wearing a +0 chain mail (81% to hit)
The blast of sand hits the orc warrior but does no damage.
The orc wizard casts a spell.
The orc wizard flickers and vanishes for a moment.
The orc warrior hits you with a +0 war axe!
Casting: Sandblast (safe; 1% risk of failure)
Confirm with . or Enter, or press ? or * to list all spells.
Aiming: Sandblast (safe; 1% risk of failure)
Press: ? - help, Shift-Dir - straight line, f/p - orc warrior
Aim: an orc warrior, wielding a +0 war axe and wearing a +0 chain mail (81% to hit)
The blast of sand hits the orc warrior but does no damage.
The orc warrior hits you but does no damage.
An orc comes into view. It is wielding a +0 club.
The orc warrior hits you with a +0 war axe!
You die...

#o#
#.#
#.#
#o#
#.#
#)#
#o#
#@#
#.#
#..
###.
.# #


You could see an orc warrior, an orc wizard (invisible) and an orc (wandering).

Vanquished Creatures
  Eustachio (D:4)
  A phantom (D:5)
  A scorpion (D:5)
  2 hounds
  2 iguanas (D:5)
  2 orc wizards
  4 adders
  An ufetubus (D:5)
  A worm (D:2)
  A dart slug (D:3)
  6 orcs
  4 ball pythons
  6 bats
  6 endoplasms
  4 giant cockroaches
  6 goblins
  8 hobgoblins
  3 quokkas
  A frilled lizard (D:2)
  8 kobolds
  7 rats
75 creatures vanquished.

Notes
Turn   | Place    | Note
-------+----------+-------------------------------------------
     0 | D:1      | dracfodder the Gargoyle Earth Elementalist began the quest
                  | for the Orb.
     0 | D:1      | Reached XP level 1. HP: 10/10 MP: 3/3
   229 | D:1      | Reached skill level 4 in Earth Magic
   229 | D:1      | Reached XP level 2. HP: 15/15 MP: 3/5
   232 | D:1      | Learned a level 2 spell: Passwall
   634 | D:1      | Found a faded altar of an unknown god.
   661 | D:1      | Found Faric's Antique Armour Boutique.
   822 | D:1      | Reached XP level 3. HP: 19/19 MP: 4/6
   829 | D:1      | Learned a level 3 spell: Stone Arrow
  1914 | D:2      | Found a glowing silver altar of Zin.
  1961 | D:2      | Found Zotonwel's Assorted Antiques.
  1965 | D:2      | Reached skill level 1 in Conjurations
  2201 | D:2      | Reached XP level 4. HP: 24/24 MP: 5/7
  2225 | D:2      | Found Hoisk's Antique Weapon Emporium.
  2276 | D:2      | Found Emepliek's Weapon Emporium.
  2679 | D:2      | Bought a fine sling for 156 gold pieces
  2679 | D:2      | Identified the +4 sling of Inference {vorpal, rCorr} (You
                  | bought it in a shop on level 2 of the Dungeon)
  2697 | D:3      | Reached skill level 5 in Earth Magic
  3273 | D:4      | Found a staircase to the Ecumenical Temple.
  3506 | D:4      | Noticed Eustachio
  3514 | D:4      | Killed Eustachio
  3515 | D:4      | Reached XP level 5. HP: 10/28 MP: 1/9
  3515 | D:4      | Reached XP level 6. HP: 11/32 MP: 1/10
  3730 | D:4      | Reached skill level 6 in Earth Magic
  3879 | D:4      | Found a hazy altar of Hepliaklqana.
  4011 | Temple   | Entered the Ecumenical Temple
  4233 | D:5      | Entered Level 5 of the Dungeon
  4347 | D:5      | Reached skill level 1 in Ranged Weapons
  4411 | D:5      | Reached XP level 7. HP: 37/37 MP: 8/12
  4479 | D:5      | Identified the +7 hand axe "Fizodir" {freeze, rPois rN++
                  | rCorr Stlth+}
  4484 | D:5      | Found a bloodstained altar of Trog.
  5074 | D:6      | Reached skill level 7 in Earth Magic
  5075 | D:6      | Slain by an orc warrior

Illustrated notes

Levels and vault maps discovered:
D:1:      dpeg_arrival_ternary, layout_basic, serial_shops,
          nicolae_shop_waterfront, hellmonk_ecumenical_altar_run_dry,
          hangedman_decor_clover_reticule, chequers_serial_rivers_large_a,
          minmay_cupped
D:2:      minmay_general_purpose_star, layout_basic, serial_shops, shop, shop,
          nicolae_shop_crystal, basic_altar
D:3:      layout_rooms, grunt_ministairs_1, dk_noncrumbling_3,
          minmay_misc_feat_ornament, minivault_11,
          hangedman_abyss_or_decor_lesser_grid, lemuel_flame_loot_1
D:4:      layout_basic, nzn_hepliaklqana_mist_gate,
          minmay_temple_entry_offerings, uniq_eustachio
D:5:      layout_basic, marbit_many_paths, serial_glass, glass_columns_b,
          glass_columns_a
D:6:      layout_loops_ring, kennysheep_mini, mainiacjoe_overflow_boulevard,
          dk_noncrumbling_2, minmay_strange_pillars, kennysheep_generic_room_9
Temple:   minmay_temple_bridge_abc

Skill      XL: |  1  2  3  4  5  6  7 |
---------------+----------------------+-----
Earth Magic    | 4 5 6 7 |  7.1
Conjurations   | 1 2 |  2.6
Spellcasting   | 3 |  3.6
Ranged Weapons | 1 |  1.2
Dodging        | 2 |  2.2
Fighting       | |  0.5
Throwing       | |  0.8
Stealth        | |  2.9
Transmutations | |  0.7

Action                   |  1- 3 |  4- 6 |  7- 9 || total
-------------------------+-------+-------+-------++-------
Melee: Club              |     1 |       |       ||     1
       Hand axe          |       |       |    12 ||    12
 Fire: Sling             |       |    16 |    11 ||    27
Throw: Dart              |    24 |     5 |       ||    29
 Cast: Sandblast         |    57 |    40 |     6 ||   103
       Stone Arrow       |       |     1 |       ||     1
  Use: Scroll            |     4 |     3 |     4 ||    11
Armor: Robe              |     8 |    15 |     3 ||    26
Dodge: Dodged            |    19 |    31 |     9 ||    59

Table legend: (Time is in decaauts)
 A = Elapsed time spent in this place.
 B = Non-inter-level travel time spent in this place.
 C = Inter-level travel time spent in this place.
 D = Time resting spent in this place.
 E = Time spent auto-exploring this place.
 F = Levels seen in this place.
 G = Mean time per level.
                   A        B        C        D        E       F      G
               +--------+--------+--------+--------+--------+-----+--------+
         Total |   5193 |   4928 |    265 |    354 |   3923 |   7 |  741.9 |
       Dungeon |   4992 |   4745 |    247 |    354 |   3757 |   6 |  832.0 |
        Temple |    201 |    183 |     18 |      0 |    166 |   1 |  201.0 |
               +--------+--------+--------+--------+--------+-----+--------+

Top non-repeatable levels by time:
     D:1: 1508 daAuts
     D:2: 1133 daAuts
     D:4: 878 daAuts
     D:5: 851 daAuts
     D:3: 610 daAuts
  Temple: 201 daAuts
     D:6: 9 daAuts
